 Dungeon Crawl Stone Soup version 0.26-a0-682-g294304f6e8 (webtiles) character file.

Game seed: 8868699523123289923

555 jiml777 the Magician (level 7, -1/37 HPs)
             Began as a Deep Elf Air Elementalist on Oct 20, 2020.
             Slain by a bullfrog (7 damage)
             ... in a sewer.
             The game lasted 00:51:11 (4722 turns).

jiml777 the Magician (Deep Elf Air Elementalist)    Turns: 4722, Time: 00:51:12

Health: -1/37      AC:  5    Str:  2    XL:     7   Next: 8%
Magic:  15/18      EV: 13    Int: 22    God:
Gold:   5          SH:  0    Dex: 15    Spells: 12/18 levels left

rFire    . . .     SeeInvis +   r - +5 mace "Louc" {venom, MR++ Str-3}
rCold    . . .     Faith    .   (no shield)
rNeg     . . .     Spirit   .   a - +0 robe
rPois    .         Reflect  .   n - +0 helmet
rElec    .         Harm     .   (no cloak)
rCorr    .         Rampage  .   (no gloves)
MR       ++...     Rnd*Tele +   p - +1 pair of boots
Stlth    ++........             (no amulet)
HPRegen  0.12/turn              f - ring of see invisible
MPRegen  0.16/turn              b - ring of teleportation (curse)

@: hasted, very quick
A: no striking features
a: no special abilities


You were in a sewer.
You visited 1 branch of the dungeon, and saw 4 of its levels.
You also visited: Sewer.

You collected 246 gold pieces.
You spent 241 gold pieces at shops.

Inventory:

Hand Weapons
 g - a +3 short sword
 r - the +5 mace "Louc" (weapon) {venom, MR++ Str-3}
   (You bought it in a shop on level 4 of the Dungeon)

   It poisons the flesh of those it strikes.
   It affects your strength (-3).
   It affects your resistance to hostile enchantments.
Missiles
 d - 16 sling bullets
 e - 4 javelins (quivered)
 h - 6 curare-tipped darts
 k - 77 stones
 l - 7 atropa-tipped darts
 q - 15 poisoned darts
Armour
 a - a +0 robe (worn)
 n - a +0 helmet (worn)
 p - a +1 pair of boots (worn)
Jewellery
 b - a cursed ring of teleportation (right hand)
 f - a ring of see invisible (left hand)
 j - a cursed -4 ring of strength {unknown}
Wands
 t - a wand of random effects (25)
Scrolls
 i - a scroll of teleportation
Potions
 c - a potion of flight {unknown}
 m - a potion of curing {unknown}
 u - a potion of lignification {unknown}


   Skills:
 + Level 0.4 Fighting
 + Level 0.5 Short Blades
 - Level 3.3 Dodging
 - Level 3.4 Stealth
 + Level 6.2 Spellcasting
 + Level 3.9 Conjurations
 + Level 5.0 Air Magic


You had 12 spell levels left.
You knew the following spells:

 Your Spells              Type           Power        Failure   Level
a - Shock                 Conj/Air       ####         1%          1
b - Swiftness             Air            ####....     1%          2
c - Static Discharge      Conj/Air       ####....     4%          3

Your spell library contained the following spells:

 Spells                   Type           Power        Failure   Level
 Airstrike                Air            ####......   11%         4
 Lightning Bolt           Conj/Air       ####......   36%         5


Dungeon Overview and Level Annotations

Branches:
Dungeon (4/15)              Sewer (1/1)
 Temple: D:4-7

Altars:

Shops:
D:4 **

Annotations:
D:3 Krezlik's ghost, amateur MfGl


Message History

The zap hits the ooze!
You kill the ooze!
The bullfrog barely misses you. The bullfrog closely misses you.
The bullfrog closely misses you.
Casting: Shock (safe; 1% risk of failure)
Confirm with . or Enter, or press ? or * to list all spells.
Aiming: Shock (safe; 1% risk of failure)
Press: ? - help, Shift-Dir - straight line That beam is likely to hit you.
Continue anyway?
The zap hits the bullfrog.
The bullfrog is heavily wounded.
The zap misses the bullfrog.
The zap hits you! The bullfrog barely misses you. The bullfrog misses you.
You hit the bullfrog.
The bullfrog is poisoned.
The bullfrog is severely wounded.
The bullfrog hits you. The bullfrog hits you!
* * * LOW HITPOINT WARNING * * *
You feel yourself speed up. The bullfrog misses you. The bullfrog hits you!
You die...

##≈≈##≈.≈≈≈.≈##≈≈≈#
##≈≈##≈.≈≈≈≈≈≈≈##≈≈##
#.≈.≈.≈≈..≈≈≈≈≈≈#≈≈.#
#≈≈≈.≈#######≈.≈##≈≈#
#######≈###≈≈≈≈≈##≈≈≈#≈≈#
#≈.≈≈≈###≈≈≈≈≈≈.≈##≈.#≈≈≈
#.≈.≈≈#.≈≈≈†≈≈.≈≈≈#≈≈##≈.
#≈≈≈≈≈#.F##≈....≈≈##.≈#≈.
#.≈#≈≈#≈@#≈≈≈!?!.≈≈#≈≈#.≈
#≈≈#≈≈#≈≈#≈≈≈≈($.≈≈#≈≈#.≈
#≈.#≈##≈.#≈≈≈≈...≈≈#≈≈#≈≈
#≈≈#.#≈≈≈#≈≈≈≈≈.≈≈≈#..#≈≈
#≈≈#≈#∩≈≈#≈.≈≈..≈≈≈#≈≈#..
#≈≈#≈#.≈≈##≈≈≈≈≈≈≈##≈.#≈≈
#≈.#≈###≈≈# #≈≈##.≈
#.≈#≈≈.#.≈## ##≈≈#≈≈≈
##.##≈÷#≈†.## ##≈≈.#≈≈#


You could see a bullfrog (very poisoned).

Vanquished Creatures
  Grinder (D:4)
  A scorpion (D:3)
  A vampire bat (D:4)
  Jessica (D:3)
  A hound skeleton (D:4)
  4 gnolls
  5 adders
  A white imp (D:2)
  9 oozes (Sewer)
  A worm (D:2)
  2 dart slugs (D:3)
  11 leopard geckos
  5 orcs
  11 bats
  13 giant cockroaches
  5 goblins
  2 hobgoblins (D:2)
  3 jackals
  A quokka (D:2)
  11 ball pythons
  7 frilled lizards
  5 kobolds
  10 rats
111 creatures vanquished.

Notes
Turn   | Place    | Note
-------+----------+-------------------------------------------
     0 | D:1      | jiml777 the Deep Elf Air Elementalist began the quest for
                  | the Orb.
     0 | D:1      | Reached XP level 1. HP: 10/10 MP: 6/6
   228 | D:1      | Reached XP level 2. HP: 15/15 MP: 0/8
   758 | D:1      | Learned a level 2 spell: Swiftness
  1172 | D:2      | Reached XP level 3. HP: 19/19 MP: 6/10
  1328 | D:2      | Learned a level 3 spell: Static Discharge
  1769 | D:2      | Reached skill level 4 in Spellcasting
  2036 | D:3      | Noticed Jessica
  2068 | D:3      | Reached XP level 4. HP: 17/24 MP: 3/12
  2457 | D:3      | Killed Jessica
  2587 | D:3      | Reached XP level 5. HP: 28/28 MP: 6/13
  2855 | D:3      | Found a runed translucent door.
  2858 | D:3      | Noticed Krezlik's ghost (amateur MfGl)
  2869 | D:3      | HP: 1/28 [Krezlik's ghost (11)]
  3695 | D:4      | Found Cad Zink's Assorted Antiques.
  3703 | D:4      | Bought a transparent mace for 176 gold pieces
  3703 | D:4      | Identified the +5 mace "Louc" {venom, MR++ Str-3} (You
                  | bought it in a shop on level 4 of the Dungeon)
  3794 | D:4      | Reached skill level 5 in Spellcasting
  3838 | D:4      | Noticed Grinder
  3883 | D:4      | Killed Grinder
  3883 | D:4      | Reached XP level 6. HP: 26/32 MP: 1/16
  3960 | D:4      | Found Ehueref's General Store.
  3963 | D:4      | Bought a potion of heal wounds for 65 gold pieces
  4069 | D:4      | Found a glowing drain.
  4073 | Sewer    | Entered a sewer
  4223 | Sewer    | Reached skill level 6 in Spellcasting
  4234 | Sewer    | Reached XP level 7. HP: 23/36 MP: 4/18
  4435 | Sewer    | Reached skill level 5 in Air Magic
  4722 | Sewer    | Slain by a bullfrog

Illustrated notes

Levels and vault maps discovered:
D:1:      tarquinn_simple_flora_water_d, layout_loops_corners,
          minmay_hexomino_f4
D:2:      layout_basic, interstate_on_off, hangedman_decor_push,
          hangedman_decor_diamond_cutter, st_stairs_11
D:3:      layout_rooms, gammafunk_ghost_grave, uniq_jessica
D:4:      layout_cave_pools, gup_sewer_entry_bowl, serial_shops,
          nicolae_shop_overgrown_old_shop, shop, kennysheep_mini_moat,
          roderic_batcave, lightli_corner_chamber, uniq_grinder
Sewer:    sewer_frog_island_02

Skill      XL: |  1  2  3  4  5  6  7 |
---------------+----------------------+-----
Spellcasting   | 4 5 6 |  6.2
Dodging        | 3 |  3.3
Stealth        | 3 |  3.4
Conjurations   | 2 3 |  3.9
Air Magic      | 4 5 |  5.0
Fighting       | |  0.4
Short Blades   | |  0.5

Action                   |  1- 3 |  4- 6 |  7- 9 || total
-------------------------+-------+-------+-------++-------
Melee: Short sword       |     2 |     8 |       ||    10
       Mace              |       |     6 |     1 ||     7
 Cast: Shock             |    64 |   115 |    35 ||   214
       Swiftness         |       |     3 |       ||     3
  Use: Scroll            |     4 |     2 |       ||     6
       Potion            |       |     5 |     1 ||     6
Armor: Robe              |     5 |    52 |     4 ||    61
Dodge: Dodged            |    20 |   124 |    10 ||   154

Table legend: (Time is in decaauts)
 A = Elapsed time spent in this place.
 B = Non-inter-level travel time spent in this place.
 C = Inter-level travel time spent in this place.
 D = Time resting spent in this place.
 E = Time spent auto-exploring this place.
 F = Levels seen in this place.
 G = Mean time per level.
                   A        B        C        D        E       F      G
               +--------+--------+--------+--------+--------+-----+--------+
         Total |   4797 |   4740 |     57 |   1522 |   1569 |   5 |  959.4 |
       Dungeon |   4041 |   3984 |     57 |   1252 |   1569 |   4 | 1010.2 |
         Sewer |    756 |    756 |      0 |    269 |      0 |   1 |  756.0 |
               +--------+--------+--------+--------+--------+-----+--------+

Top non-repeatable levels by time:
     D:3: 1275 daAuts
     D:2: 1263 daAuts
     D:1: 1097 daAuts
   Sewer: 756 daAuts
     D:4: 405 daAuts
